 Dungeon Crawl Stone Soup version 0.28-a0-1524-ge72afd5fc6 (webtiles) character file.

Game seed: 11377136659176124315

701 gimp the Charlatan (level 7, -2/54 HPs)
             Began as a Djinni Wanderer on Jan 18, 2022.
             Slain by Duvessa (8 damage)
             ... on level 5 of the Dungeon.
             The game lasted 00:08:50 (5793 turns).

gimp the Charlatan (Djinni Wanderer)                Turns: 5793, Time: 00:08:51

Health: -2/54      AC:  3    Str: 10    XL:     7   Next: 98%
Gold:   208        EV: 14    Int: 12    God:
                   SH:  5    Dex: 17

rFire   + + +      SeeInvis .   a - +1 whip (venom)
rCold   x . .      Faith    .   (no shield)
rNeg    + . .      Spirit   .   c - +0 robe
rPois   ∞          Reflect  +   b - +0 helmet
rElec   .          Harm     .   (no cloak)
rCorr   .          Rampage  .   (no gloves)
Will    .....                   (boots unavailable)
Stlth   ++........              n - amulet of reflection
HPRegen 0.18/turn               f - ring of protection from fire
MPRegen 0.00/turn               v - ring of positive energy

@: brilliant, flying
A: sickness immunity, fire resistance 2, cold vulnerability 1, float, innate
caster, hp casting, extra vitality 1
a: no special abilities


You were on level 5 of the Dungeon.
You visited 1 branch of the dungeon, and saw 5 of its levels.

You collected 208 gold pieces.

Inventory:

Hand Weapons
 a - a +1 whip of venom (weapon)
 x - a +0 dagger
Missiles
 k - a throwing net (quivered)
 r - 4 poisoned darts
Armour
 b - a +0 helmet (worn)
 c - a +0 robe (worn)
 j - a +0 cloak
Jewellery
 f - a ring of protection from fire (left hand)
 n - an amulet of reflection (around neck)
 v - a ring of positive energy (right hand)
Wands
 p - a wand of charming (10)
Scrolls
 g - a scroll of holy word {unknown}
 i - 2 scrolls of torment {unknown}
 l - 3 scrolls of fog {unknown}
 q - 2 scrolls of identify {unknown}
 s - a scroll of noise {unknown}
Potions
 e - 3 potions of curing {unknown}
 h - 2 potions of flight
 m - a potion of ambrosia {unknown}
 o - a potion of cancellation {unknown}
 t - a potion of lignification {unknown}
 w - a potion of degeneration {unknown}
Miscellaneous
 d - a lightning rod (2/4)


   Skills:
 - Level 5.0 Fighting
 + Level 3.1 Throwing
 + Level 4.3 Dodging
 + Level 3.2 Stealth
 - Level 1.0 Spellcasting
 - Level 5.0 Evocations


You had 3 spell levels left.
You knew the following spells:

 Your Spells              Type           Power      Damage    Failure   Level
a - Freeze                Ice            16%        1d4       21%         1
b - Corpse Rot            Necr/Air       8%         N/A       30%         2
c - Ensorcelled Hibernat  Hex/Ice        8%         N/A       30%         2
Your spell library was empty.

Dungeon Overview and Level Annotations

Branches:
Dungeon (5/15)
 Temple: D:4-7

Altars:

Annotations:
D:5 Duvessa


Innate Abilities, Weirdness & Mutations

You are immune to sickness and miasma.
You are immune to poison.
Your flesh is very heat resistant. (rF++)
You are vulnerable to cold. (rC-)
You float through the air rather than walking.
You learn spells naturally, not from books.
Your magical power is your life essence.
You have superior vitality. (+4 MHP)


Message History

Duvessa rages.
Duvessa rages.
Found a ring mail.
Duvessa rages.
A white imp comes into view.
Found a scroll labelled VETTYRIREI.
Duvessa is no longer charmed.
Duvessa closely misses you. The white imp gestures at you.
The puff of frost hits you!
You feel a terrible chill!
You take 9 damage, and have 44/54 hp.
Unknown command.
Okay, then.
Unknown command.
Okay, then.
You hit Duvessa but do no damage.
Duvessa is lightly wounded.
Duvessa hits you with a +0 short sword. Duvessa closely misses you.
The white imp gestures at you. The puff of frost hits you!
You feel a terrible chill!
You take 15 damage, and have 29/54 hp.
MASSIVE DAMAGE!!
Duvessa rages.
You see here a +0 ring mail.
Duvessa hits you with a +0 short sword!
* * * LOW HITPOINT WARNING * * *
You take 17 damage, and have 12/54 hp.
MASSIVE DAMAGE!!
It was a potion of flight.
You feel more buoyant. Duvessa hits you with a +0 short sword!
* * * LOW HITPOINT WARNING * * *
You take 6 damage, and have 6/54 hp.
Okay, then.
Okay, then.
Aiming: Thunderbolt
Press: ? - help, Shift-Dir - straight line, f - Duvessa
Aim: Duvessa, wielding a +0 short sword and wearing a +0 chain mail (lightly wounded, berserk)
Okay, then.
It was a potion of brilliance.
You feel clever all of a sudden. Duvessa hits you with a +0 short sword!
You die...

###### .....#
.....## #....#
..##..###.....#
.####...)...#
.# ###...### ##
#...# # ##.##
## ## #.# ##.#
.# #.# #@.# .#
#.# ##e.# ##
##.## ##...# #
#...####..5.#
##.>........#
#########..#
#...# ##.... ##
##### #..?#


You could see Duvessa (berserk) and a white imp.

Vanquished Creatures
  An ogre (D:3)
  A phantom (D:4)
  A scorpion (D:5)
  2 orc priests (D:3)
  2 centaur skeletons (D:4)
  2 iguanas
  2 orc wizards (D:5)
  A hound skeleton (D:4)
  3 gnolls (D:3)
  8 adders
  2 worms (D:2)
  A dart slug (D:3)
  9 orcs
  5 ball pythons
  2 endoplasms
  4 giant cockroaches
  6 goblins
  3 hobgoblins
  A quokka (D:4)
  6 bats
  5 frilled lizards
  8 kobolds
  5 rats
80 creatures vanquished.

Vanquished Creatures (collateral kills)
  Dowan (D:5)
  An iguana (D:5)
2 creatures vanquished.

Grand Total: 82 creatures vanquished

Notes
Turn   | Place    | Note
-------+----------+-------------------------------------------
     0 | D:1      | gimp the Djinni Wanderer began the quest for the Orb.
     0 | D:1      | Reached XP level 1. HP: 17/17 MP: 0/0
    16 | D:1      | Found a faded altar of an unknown god.
   362 | D:1      | Reached XP level 2. HP: 14/23 MP: 0/0
  1205 | D:2      | Reached XP level 3. HP: 3/29 MP: 0/0
  1205 | D:2      | Learned a level 1 spell: Freeze
  1822 | D:2      | Reached XP level 4. HP: 5/35 MP: 0/0
  2778 | D:3      | Noticed an ogre
  2793 | D:3      | Reached XP level 5. HP: 41/41 MP: 0/0
  2793 | D:3      | Learned a level 2 spell: Corpse Rot
  2794 | D:3      | Killed an ogre
  2795 | D:3      | Reached skill level 1 in Stealth
  2795 | D:3      | Reached XP level 6. HP: 48/48 MP: 0/0
  3049 | D:3      | HP: 2/48 [orc priest/divine providence (14)]
  4339 | D:4      | Reached skill level 5 in Fighting
  4577 | D:3      | Reached XP level 7. HP: 41/54 MP: 0/0
  4577 | D:3      | Learned a level 2 spell: Ensorcelled Hibernation
  5155 | D:5      | Entered Level 5 of the Dungeon
  5764 | D:5      | Noticed Duvessa
  5765 | D:5      | Noticed Dowan
  5769 | D:5      | Killed Dowan
  5793 | D:5      | Slain by Duvessa

Illustrated notes

Levels and vault maps discovered:
D:1:      dpeg_arrival_castle, layout_rooms, hellmonk_ecumenical_altar_run_dry,
          hangedman_abyss_or_decor_lesser_grid
D:2:      layout_rooms, interstate_on_off
D:3:      layout_loops_ring
D:4:      layout_gridville, small_statue_intersection
D:5:      layout_layer_cave, mainiacjoe_overflow_catwalk,
          lemuel_temple_firewalk_a, uniq_duvessa, uniq_sigmund

Skill      XL: |  1  2  3  4  5  6  7 |
---------------+----------------------+-----
Fighting       | 2 3 4 5 |  5.0
Dodging        | 3 4 |  4.3
Stealth        | 1 2 3 |  3.2
Throwing       | 2 3 |  3.1
Spellcasting   | |  1.0
Evocations     | |  5.0

Action                   |  1- 3 |  4- 6 |  7- 9 || total
-------------------------+-------+-------+-------++-------
Melee: Dagger            |   160 |   217 |    28 ||   405
       Punch             |     1 |     1 |       ||     2
       Whip              |       |       |    46 ||    46
Throw: Dart              |     2 |    20 |       ||    22
Evoke: Lightning rod     |     3 |     6 |     3 ||    12
       Wand              |       |       |     2 ||     2
  Use: Potion            |       |       |     2 ||     2
 Stab: Sleeping          |     2 |     2 |     1 ||     5
       Distracted        |     1 |       |       ||     1
Armor: Robe              |    38 |    41 |    24 ||   103
Dodge: Dodged            |   106 |   187 |    50 ||   343
Block: Other             |       |       |    13 ||    13

Table legend: (Time is in decaauts)
 A = Elapsed time spent in this place.
 B = Non-inter-level travel time spent in this place.
 C = Inter-level travel time spent in this place.
 D = Time resting spent in this place.
 E = Time spent auto-exploring this place.
 F = Levels seen in this place.
 G = Mean time per level.
                   A        B        C        D        E       F      G
               +--------+--------+--------+--------+--------+-----+--------+
         Total |   5798 |   5724 |     74 |    541 |   4068 |   5 | 1159.6 |
       Dungeon |   5798 |   5724 |     74 |    541 |   4068 |   5 | 1159.6 |
               +--------+--------+--------+--------+--------+-----+--------+

Top non-repeatable levels by time:
     D:3: 1496 daAuts
     D:2: 1458 daAuts
     D:1: 1225 daAuts
     D:4: 1122 daAuts
     D:5: 496 daAuts
